 Dungeon Crawl Stone Soup version 0.29-a0-419-g77450f2105 (webtiles) character file.

Game seed: 14544210694469915776

220 Bruhh the Cudgeller (level 6, -4/45 (47) HPs)
             Began as a Formicid Fighter on May 18, 2022.
             Killed from afar by an orc wizard (8 damage)
             ... with a puff of flame
             ... on level 4 of the Dungeon.
             The game lasted 00:05:01 (3162 turns).

Bruhh the Cudgeller (Formicid Fighter)              Turns: 3162, Time: 00:05:02

HP:   -4/45 (47)    AC:  6    Str: 21 (22) XL:     6   Next: 18%
MP:   6/6           EV:  9    Int:  7 (8)  God:
Gold: 138           SH:  0    Dex:  8 (10) Spells: 5/5 levels left

rFire   . . .      SeeInvis +   a - +0 flail
rCold   . . .      Faith    .   c - +0 buckler
rNeg    . . .      Spirit   .   b - +0 scale mail
rPois   .          Reflect  .   (helmet unavailable)
rElec   .          Harm     .   (no cloak)
rCorr   .          Rampage  .   (no gloves)
Will    .....                   (no boots)
Stlth   ..........              (no amulet)
HPRegen 0.15/turn               (no ring)
MPRegen 0.10/turn               (no ring)

@: confused, mighty, brilliant, lightly drained
A: permanent stasis, dig shafts and tunnels, antennae 3, four strong arms
a: Dig, Shaft Self


You were on level 4 of the Dungeon.
You visited 1 branch of the dungeon, and saw 4 of its levels.

You collected 138 gold pieces.

Inventory:

Hand Weapons
 a - a +0 flail (weapon)
Armour
 b - a +0 scale mail (worn)
 c - a +0 buckler (worn)
Jewellery
 k - a ring of fire
Scrolls
 f - a scroll of vulnerability {unknown}
 g - a scroll of identify {unknown}
 j - a scroll of blinking {unknown}
 l - a scroll of enchant weapon {unknown}
 m - a scroll of magic mapping {unknown}
 o - a scroll of amnesia {unknown}
 p - 2 scrolls of enchant armour {unknown}
 r - a scroll of immolation {unknown}
 s - 3 scrolls of teleportation {unknown}
 t - a scroll of summoning {unknown}
Potions
 d - a potion of might
 e - 2 potions of brilliance
 i - a potion of degeneration


   Skills:
 - Level 3.2 Fighting
 + Level 6.0 Maces & Flails
 - Level 3.2 Armour
 - Level 4.0 Shields


You had 5 spell levels left.
You didn't know any spells.
Your spell library contained the following spells:

 Spells                   Type           Power      Damage    Failure   Level
 Tukima's Dance           Hex            0%         N/A       99%         3
 Passage of Golubria      Tloc           0%         N/A       100%        4
 Yara's Violent Unravell  Hex/Tmut       0%         3d3       100%        5


Dungeon Overview and Level Annotations

Branches:
Dungeon (4/15)
 Temple: D:4-7

Altars:
Sif Muna
Vehumet

Shops:
D:1 =


Innate Abilities, Weirdness & Mutations

You cannot be hasted, slowed, berserked, paralysed or teleported.
You can dig through walls and to a lower floor.
You have a pair of large antennae on your head. (SInv)
Your four strong arms can wield two-handed weapons with a shield.


Message History

You completely miss the orc wizard. The orc wizard casts a spell at you.
The magic dart hits you.
* * * LOW HITPOINT WARNING * * *
The orc hits you with a +0 hand axe.
* * * LOW HITPOINT WARNING * * *
The orc wizard hits you with a +0 dagger.
* * * LOW HITPOINT WARNING * * *
The orc barely misses you. You block the orc's attack.
It was a potion of curing.
You feel better.
The orc wizard hits you but does no damage.
The orc hits you but does no damage. The orc closely misses you.
You feel very mighty all of a sudden.
The orc wizard hits you with a +0 dagger.
* * * LOW HITPOINT WARNING * * *
The orc closely misses you.
The orc throws a boomerang.
The boomerang completely misses the orc wizard.
The boomerang hits you.
* * * LOW HITPOINT WARNING * * *
The orc hits you but does no damage.
You closely miss the orc wizard. The orc closely misses you.
The orc wizard gestures at you while chanting.
You are confused.
The orc throws a boomerang.
The boomerang misses the orc wizard.
The boomerang barely misses you. The orc hits you but does no damage.
It was a potion of magic.
Magic courses through your body.
The orc wizard hits you with a +0 dagger.
* * * LOW HITPOINT WARNING * * *
The orc barely misses you. The orc hits you with a +0 hand axe.
* * * LOW HITPOINT WARNING * * *
It was a potion of haste.
Your stasis prevents you from being hasted.
The orc wizard closely misses you. The orc barely misses you.
The orc hits you with a +0 hand axe.
* * * LOW HITPOINT WARNING * * *
You thump the orc!
You kill the orc!
The orc wizard points at you and mumbles some strange words.
The puff of flame hits you!
You die...

#......#
#####.....<###
#..#....#+#..#
#..#....#....#
#..'....#....#
##.#....#.####
#.######.#
#...#....#
#)@.#....+
#oo.+....#
#o####..##
##...##..#####
#.....#......#
#.....#......#
#.....#......#
#.....#......#
###
##'####..##..#


You could see an orc wizard (invisible) and 2 orcs.

Vanquished Creatures
  A jelly (D:3)
  An iguana (D:3)
  5 adders
  4 gnolls (D:2)
  2 worms
  2 dart slugs
  An orc (D:4)
  5 ball pythons
  2 bats
  7 endoplasms
  4 giant cockroaches
  9 goblins
  8 hobgoblins
  2 jackals (D:2)
  4 quokkas (D:2)
  4 frilled lizards
  4 kobolds
  9 rats (D:2)
74 creatures vanquished.

Vanquished Creatures (others)
  A fungus (D:2)
  3 plants (D:2)
4 creatures vanquished.

Grand Total: 78 creatures vanquished

Notes
Turn   | Place    | Note
-------+----------+-------------------------------------------
     0 | D:1      | Bruhh the Formicid Fighter began the quest for the Orb.
     0 | D:1      | Reached XP level 1. HP: 18/18 MP: 1/1
   144 | D:1      | Reached XP level 2. HP: 13/24 MP: 2/2
   388 | D:1      | Found Xemmeoc's Jewellery Shop.
   505 | D:1      | Reached skill level 3 in Maces & Flails
   597 | D:1      | Reached XP level 3. HP: 29/29 MP: 3/3
  1001 | D:2      | Reached skill level 4 in Maces & Flails
  1001 | D:2      | Reached XP level 4. HP: 27/35 MP: 4/4
  1083 | D:2      | Found a faded altar of an unknown god.
  1220 | D:2      | Found a radiant altar of Vehumet.
  1485 | D:2      | Reached XP level 5. HP: 40/41 MP: 5/5
  1576 | D:2      | Reached skill level 5 in Maces & Flails
  2319 | D:3      | Found a shimmering blue altar of Sif Muna.
  2456 | D:3      | Reached XP level 6. HP: 11/47 MP: 6/6
  2871 | D:3      | Reached skill level 6 in Maces & Flails
  3162 | D:4      | Killed from afar by an orc wizard

Illustrated notes

Levels and vault maps discovered:
D:1:      roderic_octagonal_star, layout_rooms, serial_shops, shop
D:2:      layout_basic, basic_altar, shapermc_ecumenical_altar_mp_urbaneastern,
          minmay_misc_feat_plants, hex_intersection, amcnicky_mini_pool_small,
          minmay_rat_gold_closets
D:3:      layout_basic, nicolae_sif_muna_condensation, grunt_ministairs_7
D:4:      layout_gridville, nicolae_uskayaw_dance_hall, uniq_natasha,
          uniq_blork_the_orc

Skill      XL: |  1  2  3  4  5  6 |
---------------+-------------------+-----
Maces & Flails | 3 4 5 6 |  6.0
Fighting       | |  3.2
Armour         | |  3.2
Shields        | |  4.0

Action                   |  1- 3 |  4- 6 || total
-------------------------+-------+-------++-------
Melee: Flail             |    67 |   158 ||   225
 Abil: Dig               |       |     3 ||     3
  Use: Potion            |       |     7 ||     7
Armor: Scale mail        |    28 |    59 ||    87
Dodge: Dodged            |    26 |    78 ||   104
Block: Buckler           |    11 |    35 ||    46

Table legend: (Time is in decaauts)
 A = Elapsed time spent in this place.
 B = Non-inter-level travel time spent in this place.
 C = Inter-level travel time spent in this place.
 D = Time resting spent in this place.
 E = Time spent auto-exploring this place.
 F = Levels seen in this place.
 G = Mean time per level.
                   A        B        C        D        E       F      G
               +--------+--------+--------+--------+--------+-----+--------+
         Total |   3206 |   3171 |     35 |      0 |   2614 |   4 |  801.5 |
       Dungeon |   3206 |   3171 |     35 |      0 |   2614 |   4 |  801.5 |
               +--------+--------+--------+--------+--------+-----+--------+

Top non-repeatable levels by time:
     D:3: 1323 daAuts
     D:1: 930 daAuts
     D:2: 795 daAuts
     D:4: 157 daAuts
